 Dungeon Sprint DCSS version 0.22.1-1-ga44c0e56f4 (webtiles) character file.

31509042 Groucho the Gargoyle Barricade (level 24, 144/144 HPs)
             Began as a Gargoyle Fighter on Oct 5, 2018.
             Was the Champion of Cheibriados.
             Escaped with the Orb
             ... and 9 runes on Nov 12, 2018!
             The game lasted 01:32:25 (16528 turns).

Groucho the Gargoyle Barricade (Gargoyle Fighter)  Turns: 16528, Time: 01:32:26

Health: 144/144    AC: 70    Str: 46    XL:     24   Next: 24%
Magic:  54/54      EV: 38    Int: 27    God:    Cheibriados [******]
Gold:   818        SH: 33    Dex: 37    Spells: 77/77 levels left

rFire    + . .     SeeInvis .   q - +5 demon whip of Erhusuv {freeze, rElec Dex+5}
rCold    + . .     Gourm    .   C - +0 large shield
rNeg     + + +     Faith    .   Q - +15 Maxwell's patent armour {-Cast -Tele rElec MR+ rCorr}
rPois    ∞         Spirit   +   N - +1 hat {MR+}
rElec    +         Reflect  .   E - +2 cloak
rCorr    +         Harm     .   g - +3 pair of gloves of Gehenna {*Slow rElec Str+6}
MR       ++++.     Rnd*Rage +   s - +2 pair of boots Stlth ++........NoTele +
                                Z - amulet "Vatizar" {Spirit rN++ MR+ Str+4}
HPRegen  0.74/turn NoCast   +   F - ring of protection from cold
MPRegen  0.34/turn              G - ring of protection from fire

@: starving, very slow
A: big wings, talons 1, berserk 1, deterioration 2, frail 2, negative energy
resistance 1, regeneration 1, electricity resistance, unbreathing, petrification
resistance, rot immunity, AC +18
0: Orb of Zot
}: 9/17 runes: decaying, serpentine, barnacled, slimy, elven, silver, golden,
abyssal, gossamer
a: Fly, Bend Time, Temporal Distortion, Slouch, Step From Time, Renounce
Religion


You escaped.
You worshipped Cheibriados.
Cheibriados was exalted by your worship.
You were starving.

You visited 1 branch You collected 1961 gold pieces.
You spent 1143 gold pieces at shops.

Inventory:

Hand Weapons
 o - a +2 morningstar of crushing
 q - the +5 demon whip of Erhusuv (weapon) {freeze, rElec Dex+5}
   (You found it in the Dungeon)

   It has been specially enchanted to freeze those struck by it, causing extra
   injury to most foes and up to half again as much damage against particularly
   susceptible opponents.
   It can also slow down cold-blooded creatures.
   It affects your dexterity (+5).
   It insulates you from electricity.
 J - a +0 hand axe
Missiles
 p - 12 javelins of returning (quivered)
 x - 17 steel javelins
 z - 35 javelins
Armour
 g - the +3 pair of gloves of Gehenna (worn) {*Slow rElec Str+6}
   (You bought it in a shop in the Dungeon)

   It affects your strength (+6).
   It insulates you from electricity.
   It may slow you when you take damage.
 s - a +2 pair of boots (worn)
 C - a +0 large shield (worn)
 E - a +2 cloak (worn)
 N - a +1 hat of magic resistance (worn)
 Q - the +15 Maxwell's patent armour (worn) {-Cast -Tele rElec MR+ rCorr}
   (You found it in the Dungeon)

   It insulates you from electricity.
   It affects your resistance to hostile enchantments.
   It prevents spellcasting.
   It prevents most forms of teleportation.
   It provides partial protection from all sources of acid and corrosion.
 R - +0 gold dragon scales
Jewellery
 c - a cursed -3 ring of protection {unknown}
 e - a +6 ring of dexterity
 k - an uncursed ring of wizardry
 r - the ring "Kavon" {+Blink rElec rF+ rN+++ MP-9}
   (You found it in the Dungeon)

   [ring of protection from fire]

   It protects you from fire.
   It insulates you from electricity.
   It renders you almost immune to negative energy.
   It affects your magic capacity (-9).
   It lets you blink.
 y - a +2 ring of slaying
 A - the amulet of Fumah {Gourm rC+ rN+ Dex-3}
   (You found it in the Dungeon)

   [amulet of the gourmand]

   It allows you to eat raw meat even when not hungry.
   It affects your dexterity (-3).
   It protects you from cold.
   It protects you from negative energy.
 B - a +2 ring of slaying
 F - a ring of protection from cold (left hand)
 G - a ring of protection from fire (right hand)
 I - an uncursed ring of protection from cold
 Z - the amulet "Vatizar" (around neck) {Spirit rN++ MR+ Str+4}
   (You found it in the Dungeon)

   [amulet of guardian spirit]

   It causes incoming damage to be split between your health and magic.
   It affects your strength (+4).
   It greatly protects you from negative energy.
   It affects your resistance to hostile enchantments.
Wands
 n - a wand of acid (10)
 X - a wand of paralysis (9)
Scrolls
 l - 6 scrolls of remove curse
 m - 2 scrolls of amnesia
 t - 3 scrolls of identify
 u - 6 scrolls of fear
 v - 2 scrolls of enchant armour
 w - 3 scrolls of fog
 V - 6 scrolls of enchant weapon
 W - 4 scrolls of blinking
Potions
 a - 2 potions of lignification {unknown}
 b - a potion of brilliance
 d - a potion of might
 h - 7 potions of haste
 i - 2 potions of magic
 j - a potion of invisibility
 D - a potion of cancellation {unknown}
 L - 3 potions of agility
 M - a potion of resistance
 T - 5 potions of curing
 U - 6 potions of heal wounds
Miscellaneous
 H - the horn of Geryon
Comestibles
 f - a ration


   Skills:
 O Level 27 Fighting
 O Level 27 Maces & Flails
 O Level 27 Throwing
 O Level 27 Armour
 O Level 27 Dodging
 + Level 21.5 Stealth
 O Level 27 Shields
 O Level 27 Unarmed Combat
 O Level 27 Spellcasting
 O Level 27 Invocations
 O Level 27 Evocations


You had 77 spell levels left.
You didn't know any spells.
Your spell library contained the following spells:

 Spells                   Type           Power        Failure   Level  Hunger
 Magic Dart               Conj           ####         1%          1    None
 Blink                    Tloc           N/A          2%          2    None
 Call Imp                 Summ           #####...     2%          2    None
 Slow                     Hex            #####...     2%          2    None
 Conjure Flame            Conj/Fire      #####...     4%          3    None
 Ignite Poison            Fire/Tmut/Pois #####...     4%          3    None
 Mephitic Cloud           Conj/Pois/Air  #####...     4%          3    None
 Ice Form                 Ice/Tmut       #####...     14%         4    None
 Fireball                 Conj/Fire      #####.....   36%         5    None
 Metabolic Englaciation   Hex/Ice        #####.....   36%         5    None
 Bolt of Cold             Conj/Ice       #####.....   91%         6    None
 Bolt of Fire             Conj/Fire      #####.....   91%         6    None
 Freezing Cloud           Conj/Ice/Air   #####.....   91%         6    None
 Ozocubu's Refrigeration  Ice            #####.....   91%         6    None
 Simulacrum               Ice/Necr       #####.....   91%         6    None
 Ring of Flames           Chrm/Fire      #####.....   100%        7    None
 Ignition                 Fire           #####.....   100%        8    ####...


Dungeon Overview and Level Annotations

Branches:
Dungeon (1/1)

Altars:
Cheibriados
Dithmenos
Elyvilon
Fedhas
Gozag
Hepliaklqana
Kikubaaqudgha
Makhleb
Nemelex Xobeh
Okawaru
Qazlal
Ru
Sif Muna
Trog
Uskayaw
Vehumet
Wu Jian
Xom
Yredelemnul
Zin
The Shining One
Beogh
Jiyva
Lugonu

Shops:
D **[=


Innate Abilities, Weirdness & Mutations

You are resistant to torment.
Your stone body is resilient. (AC +18)
You are immune to poison.
Your large and strong wings let you fly indefinitely.
You resist negative energy. (rN+)
You are resistant to electric shocks. (rElec)
You can survive without breathing.
You are immune to petrification.
You are immune to rotting.
You have sharp toenails.
You tend to lose your temper in combat.
Your body often deteriorates upon taking damage.
You are very frail. (-20% HP)
Your natural rate of healing is unusually fast.


Message History

The red devil hits you but does no damage.
You hit the red devil. You freeze the red devil.
The red devil is lightly wounded.
The red devil hops backward while attacking.
You block the red devil's attack.
The red devil hits you but does no damage.
You block the red devil's attack.
You whack the red devil! You freeze the red devil.
The red devil is almost dead.
You whack the red devil! You freeze the red devil.
You kill the red devil!
Cheibriados thoroughly appreciates the change of pace.
There is an open door here.
You see here a demon trident of freezing.
Things that are here:
3 stones; a short sword
There is an open door to the Dungeon, spattered with blood here.
You see here a stone.
There is a staircase leading out of the dungeon here.
You have escaped!

▓.▓.▓!▓.▓.▓.▓.▓.▓.
▓.▓.▓'▓.▓.▓.▓.▓.▓.
▓.▓.▓.▓.▓.▓.▓)▓.▓.
▓(▓.▓.▓.▓.▓.▓.▓.▓.
▓'▓.▓.▓.▓.▓.▓)▓.▓.
▓(▓.▓.▓.▓.▓.▓.▓.▓.
▓.▓.▓.▓.▓.▓.▓)▓.▓.
▓.▓.▓.▓.▓.▓.▓)▓.▓.
▓@▓..)▓...▓..)▓...
▓▓▓▓▓▓▓▓▓▓▓▓▓▓▓▓▓▓


There were no monsters in sight!

Vanquished Creatures
  the Royal Jelly (D)
  6 ancient liches (D)
  Mara (D)
  4 orbs of fire (D)
  6 pandemonium lords (D)
  5 greater mummies (D)
  3 Killer Klowns (D)
  Saint Roka (D)
  2 curse toes (D)
  Jory (D)
  Geryon (D)
  2 golden dragons (D)
  Nikola (D)
  A Tzitzimitl (D)
  A bone dragon (D)
  5 electric golems (D)
  A hellephant (D)
  A Brimstone Fiend (D)
  2 Hell Sentinels (D)
  2 tentacled monstrosities (D)
  40 Orb Guardians (D)
  6 Ice Fiends (D)
  3 liches (D)
  3 deep elf master archers (D)
  A quicksilver dragon (D)
  2 deep elf blademasters (D)
  12 acid blobs (D)
  2 Executioners (D)
  4 death cobs (D)
  Gastronok (D)
  Kirke (D)
  14 sphinxes (D)
  3 draconian monks (D)
  3 storm dragons (D)
  Ilsuiw (D)
  6 shadow dragons (D)
  5 azure jellies (D)
  A daeva (D)
  10 nagarajas (D)
  2 deep elf sorcerers (D)
  2 draconian knights (D)
  2 vault wardens (D)
  2 frost giants (D)
  Louise (D)
  6 emperor scorpions (D)
  Aizul (D)
  A fire giant (D)
  4 balrugs (D)
  2 draconian stormcallers (D)
  3 ghost moths (D)
  3 draconian scorchers (D)
  A draconian shifter (D)
  A reaper (D)
  3 cacodemons (D)
  3 ironheart preservers (D)
  A very ugly thing (D)
  3 draconian annihilators (D)
  An entropy weaver (D)
  9 vampire knights (D)
  A corrupter (D)
  2 stone giants (D)
  4 green draconians (D)
  2 deep elf demonologists (D)
  Nessos (D)
  3 yellow draconians (D)
  2 lorocyprocas (D)
  3 black draconians (D)
  3 purple draconians (D)
  2 red draconians (D)
  3 green deaths (D)
  6 ettins (D)
  3 blizzard demons (D)
  4 merfolk javelineers (D)
  11 death oozes (D)
  2 merfolk impalers (D)
  3 fire dragons (D)
  3 mummy priests (D)
  3 deep elf death magi (D)
  2 deep elf high priests (D)
  2 yaktaur captains (D)
  4 great orbs of eyes (D)
  An ice dragon (shapeshifter) (D)
  4 rakshasas (D)
  3 ice dragons (D)
  An ogre mage (D)
  Harold (D)
  7 hydras (D)
  3 naga warriors (D)
  25 vault guards (D)
  A ghost crab (D)
  3 merfolk avatars (D)
  A death knight (D)
  Erica (D)
  2 merfolk aquamancers (D)
  2 deep troll shamans (D)
  2 centaur warriors (D)
  5 death yaks (D)
  2 deep troll earth magi (D)
  8 orc high priests (D)
  A spriggan berserker (D)
  3 hell hogs (D)
  2 thrashing horrors (D)
  4 small abominations (D)
  Urug (D)
  2 soul eaters (D)
  2 shock serpents (D)
  13 sun demons (D)
  A hell knight (D)
  A deep elf knight (D)
  5 sixfirhies (D)
  A flayed ghost (D)
  4 shadow demons (D)
  An infernal demonspawn (D)
  A torturous demonspawn (D)
  A glowing orange brain (D)
  8 swamp dragons (D)
  A spriggan druid (D)
  2 ironbrand convokers (D)
  A lindwurm (shapeshifter) (D)
  A harpy (D)
  10 orc knights (D)
  A necromancer (D)
  An orb spider (D)
  An orc sorcerer (D)
  2 ugly things (D)
  6 wolf spiders (D)
  A manticore (D)
  3 cyclopes (D)
  A worldbinder (D)
  7 moths of wrath (D)
  A merfolk siren (D)
  3 guardian serpents (D)
  A guardian serpent (shapeshifter) (D)
  2 rust devils (D)
  3 vault sentinels (D)
  9 smoke demons (D)
  9 orange demons (D)
  2 naga magi (D)
  A torpor snail (D)
  A gargoyle (D)
  3 spiny frogs (D)
  2 freezing wraiths (D)
  3 demonic crawlers (D)
  A kobold demonologist (D)
  A rime drake (D)
  20 guardian mummies (D)
  2 komodo dragons (D)
  2 yaktaurs (D)
  12 red devils (D)
  An efreet (D)
  6 hellwings (D)
  A wandering mushroom (D)
  A tormentor (D)
  4 ice devils (D)
  A troll (D)
  4 merfolk (D)
  2 tengu conjurers (D)
  A jumping spider (D)
  A slime creature (D)
  A raiju (shapeshifter) (D)
  A hornet (D)
  A hippogriff (D)
  2 snapping turtles (D)
  A blink frog (D)
  2 redbacks (D)
  11 spriggans (D)
  A tarantella (D)
  A water elemental (D)
  8 ynoxinuls (D)
  6 golden eyes (D)
  3 chaos spawn (D)
  3 yaks (D)
  Eustachio (D)
  3 hogs (D)
  A human (shapeshifter) (D)
  2 neqoxecs (D)
  A vampire mosquito (D)
  2 acid dragons (D)
  A floating eye (D)
  2 nagas (D)
  5 porcupines (D)
  A large abomination (D)
  2 ice beasts (D)
  A swamp drake (D)
  10 orc warriors (D)
  An ogre (D)
  A boggart (shapeshifter) (D)
  A wolf (D)
  A big kobold (D)
  4 bullfrogs (D)
  A scorpion (D)
  A howler monkey (D)
  2 crimson imps (D)
  A hound (D)
  7 orc priests (D)
  An iguana (D)
  2 orc wizards (D)
  A worker ant (D)
  An adder (D)
  2 shadow imps (D)
  A white imp (D)
  An adder skeleton (D)
  3 leopard geckos (D)
  9 orcs (D)
  2 bat zombies (D)
  A goblin (D)
  A hobgoblin (D)
  A jackal skeleton (D)
  2 kobolds (D)
  A leopard gecko simulacrum (D)
  A crawling corpse (D)
669 creatures vanquished.

Vanquished Creatures (others)
  A hydra (D)
  A hell beast (D)
  2 swamp dragons (D)
  A hornet (D)
  A spriggan (D)
  A shadow (D)
  3 humans (D)
  2 large abominations (D)
  A lurking horror (D)
13 creatures vanquished.

Grand Total: 682 creatures vanquished

Notes
Turn   | Place    | Note
-------+----------+-------------------------------------------
     0 | D        | Groucho the Gargoyle Fighter began the quest for the Orb.
     0 | D        | Reached XP level 1. HP: 14/14 MP: 1/1
    27 | D        | Reached XP level 2. HP: 12/20 MP: 2/2
   147 | D        | Noticed a scorpion
   147 | D        | Noticed a howler monkey
   161 | D        | Killed a howler monkey
   161 | D        | Reached skill level 5 in Fighting
   161 | D        | Reached skill level 5 in Armour
   161 | D        | Reached skill level 5 in Shields
   161 | D        | Reached XP level 3. HP: 26/26 MP: 3/3
   168 | D        | Killed a scorpion
   168 | D        | Reached XP level 4. HP: 32/32 MP: 4/4
   262 | D        | Found a roughly hewn altar of Beogh.
   262 | D        | Found a snail-covered altar of Cheibriados.
   262 | D        | Found a shadowy altar of Dithmenos.
   262 | D        | Found a white marble altar of Elyvilon.
   262 | D        | Found a blossoming altar of Fedhas.
   262 | D        | Found an opulent altar of Gozag.
   263 | D        | Found a hazy altar of Hepliaklqana.
   264 | D        | Found a viscous altar of Jiyva.
   265 | D        | Found an ancient bone altar of Kikubaaqudgha.
   266 | D        | Found a corrupted altar of Lugonu.
   268 | D        | Became a worshipper of Cheibriados the Contemplative
   270 | D        | Found a burning altar of Makhleb.
   271 | D        | Found a sparkling altar of Nemelex Xobeh.
   272 | D        | Found an iron altar of Okawaru.
   273 | D        | Found a stormy altar of Qazlal.
   274 | D        | Found a sacrificial altar of Ru.
   275 | D        | Found a deep blue altar of Sif Muna.
   276 | D        | Found a bloodstained altar of Trog.
   277 | D        | Found a hide-covered altar of Uskayaw.
   278 | D        | Found a radiant altar of Vehumet.
   279 | D        | Found an ornate altar of the Wu Jian Council.
   280 | D        | Found a shimmering altar of Xom.
   281 | D        | Found a basalt altar of Yredelemnul.
   282 | D        | Found a glowing silver altar of Zin.
   283 | D        | Found a glowing golden altar of the Shining One.
   336 | D        | Noticed a big kobold
   352 | D        | Reached skill level 5 in Maces & Flails
   352 | D        | Reached skill level 1 in Invocations
   352 | D        | Reached XP level 5. HP: 30/36 MP: 4/6
   359 | D        | Reached * piety under Cheibriados
   371 | D        | Reached ** piety under Cheibriados
   375 | D        | Killed a big kobold
   375 | D        | Reached XP level 6. HP: 20/44 MP: 6/8
   655 | D        | Noticed a gargoyle
   655 | D        | Noticed a kobold demonologist
   655 | D        | Noticed an ice beast
   655 | D        | Noticed an ice beast
   655 | D        | Noticed a troll
   658 | D        | Killed a troll
   658 | D        | Reached skill level 5 in Invocations
   658 | D        | Reached XP level 7. HP: 40/50 MP: 9/11
   660 | D        | Reached *** piety under Cheibriados
   664 | D        | Noticed a chaos spawn
   676 | D        | Noticed a hellwing
   693 | D        | Killed a kobold demonologist
   693 | D        | Reached XP level 8. HP: 47/56 MP: 11/13
   700 | D        | Killed a gargoyle
   700 | D        | Reached **** piety under Cheibriados
   975 | D        | Noticed a hippogriff
   975 | D        | Noticed a spiny frog
   975 | D        | Noticed a komodo dragon
   975 | D        | Noticed a rime drake
   977 | D        | Killed a rime drake
   977 | D        | Reached skill level 10 in Fighting
   977 | D        | Reached skill level 10 in Armour
   977 | D        | Reached skill level 10 in Shields
   979 | D        | Reached ***** piety under Cheibriados
   979 | D        | Noticed a komodo dragon
   980 | D        | Noticed a spiny frog
   982 | D        | Killed a komodo dragon
   982 | D        | Reached XP level 9. HP: 44/63 MP: 13/15
   984 | D        | Killed a spiny frog
  1006 | D        | Killed a komodo dragon
  1006 | D        | Reached ****** piety under Cheibriados
  1006 | D        | Reached skill level 10 in Maces & Flails
  1013 | D        | Killed a spiny frog
  1013 | D        | Reached skill level 10 in Invocations
  1217 | D        | Noticed a four-headed hydra
  1217 | D        | Noticed an eight-headed hydra
  1217 | D        | Noticed a spiny frog
  1231 | D        | Killed an eight-headed hydra
  1231 | D        | Reached XP level 10. HP: 49/71 MP: 17/17
  1235 | D        | Killed a four-headed hydra
  1236 | D        | Killed a spiny frog
  1261 | D        | Noticed a death yak
  1261 | D        | Noticed a death yak
  1261 | D        | Noticed a death yak
  1261 | D        | Noticed a death yak
  1264 | D        | Noticed a death yak
  1270 | D        | Killed a death yak
  1271 | D        | Killed a death yak
  1271 | D        | Reached XP level 11. HP: 52/78 MP: 3/19
  1273 | D        | Killed a death yak
  1275 | D        | Killed a death yak
  1276 | D        | Killed a death yak
  1445 | D        | Noticed Urug
  1455 | D        | Killed Urug
  1628 | D        | Noticed an orc knight
  1631 | D        | Noticed an orc knight
  1642 | D        | Killed an orc knight
  1642 | D        | Reached skill level 1 in Dodging
  1650 | D        | Killed an orc knight
  1724 | D        | Found Xoorump's Jewellery Boutique.
  1724 | D        | Noticed an orc knight
  1724 | D        | Noticed an orc high priest
  1724 | D        | Noticed an orc high priest
  1724 | D        | Noticed an orc high priest
  1724 | D        | Noticed an orc high priest
  1725 | D        | Noticed an orc knight
  1725 | D        | Noticed an orc high priest
  1728 | D        | Killed an orc high priest
  1728 | D        | Killed an orc high priest
  1728 | D        | Killed an orc high priest
  1728 | D        | Killed an orc high priest
  1728 | D        | Reached XP level 12. HP: 49/86 MP: 10/22
  1728 | D        | Killed an orc high priest
  1729 | D        | Found Dicehow's Armour Shop.
  1731 | D        | Reached skill level 15 in Armour
  1731 | D        | Reached skill level 15 in Shields
  1733 | D        | Found Lisiuxkoudd's Assorted Antiques.
  1737 | D        | Noticed an orc high priest
  1745 | D        | Noticed an orc high priest
  1747 | D        | Noticed an orc high priest
  1751 | D        | Killed an orc high priest
  1751 | D        | Reached skill level 5 in Dodging
  1752 | D        | Killed an orc high priest
  1753 | D        | Found Exidatol's Assorted Antiques.
  1762 | D        | Killed an orc high priest
  1773 | D        | Bought a pair of brightly glowing gloves for 228 gold
                  | pieces
  1773 | D        | Bought a ruby potion for 21 gold pieces
  1775 | D        | Bought a silvery potion for 29 gold pieces
  1775 | D        | Bought a bronze ring for 165 gold pieces
  1779 | D        | Bought an uncursed ring of protection from cold for 350
                  | gold pieces
  1779 | D        | Bought an uncursed ring of protection from fire for 350
                  | gold pieces
  1821 | D        | Noticed Harold
  1832 | D        | Killed Harold
  1864 | D        | Noticed Eustachio
  1869 | D        | Killed Eustachio
  1888 | D        | Noticed Erica
  1896 | D        | Killed Erica
  1974 | D        | Noticed a centaur warrior
  1977 | D        | Killed a centaur warrior
  1981 | D        | Reached skill level 15 in Fighting
  1981 | D        | Reached skill level 15 in Invocations
  1981 | D        | Noticed a rakshasa
  1987 | D        | Noticed an ettin
  1996 | D        | Killed a rakshasa
  2000 | D        | Reached XP level 13. HP: 55/92 MP: 17/24
  2004 | D        | Killed an ettin
  2005 | D        | Noticed a stone giant
  2006 | D        | Noticed a fire dragon
  2006 | D        | Noticed an ogre mage
  2007 | D        | Noticed a sphinx
  2016 | D        | Killed an ogre mage
  2017 | D        | Killed a stone giant
  2023 | D        | Killed a fire dragon
  2031 | D        | Killed a sphinx
  2415 | D        | Noticed Gastronok
  2431 | D        | Killed Gastronok
  2444 | D        | Identified the +3 pair of gloves of Gehenna {*Slow rElec
                  | Str+6} (You bought it in a shop in the Dungeon)
  2630 | D        | Noticed Aizul
  2641 | D        | Killed Aizul
  2752 | D        | Noticed an emperor scorpion
  2769 | D        | Killed an emperor scorpion
  2801 | D        | Noticed a nagaraja
  2801 | D        | Noticed a nagaraja
  2805 | D        | Noticed a nagaraja
  2815 | D        | Killed a nagaraja
  2815 | D        | Reached skill level 10 in Dodging
  2815 | D        | Gained mutation: Your large and strong wings let you fly
                  | indefinitely. [Gargoyle growth]
  2815 | D        | Reached XP level 14. HP: 54/100 MP: 11/26
  2818 | D        | Killed a nagaraja
  2818 | D        | Reached skill level 15 in Maces & Flails
  2827 | D        | Killed a nagaraja
  2841 | D        | Reached skill level 1 in Stealth
  2944 | D        | Noticed an emperor scorpion
  2970 | D        | Killed an emperor scorpion
  3395 | D        | Noticed Kirke
  3420 | D        | Killed Kirke
  3702 | D        | Noticed a frost giant
  3702 | D        | Noticed a stone giant
  3709 | D        | Killed a stone giant
  3718 | D        | Killed a frost giant
  4044 | D        | Noticed an ironheart preserver
  4062 | D        | Killed an ironheart preserver
  4062 | D        | Reached XP level 15. HP: 88/107 MP: 28/28
  4758 | D        | Noticed Saint Roka
  4782 | D        | Killed Saint Roka
  4999 | D        | Found the +15 Maxwell's patent armour {-Cast -Tele rElec
                  | MR+ rCorr}
  5112 | D        | Noticed Mara
  5114 | D        | Noticed Groucho's illusion
  5124 | D        | Noticed Nessos
  5133 | D        | Killed Nessos
  5136 | D        | Killed Mara
  5148 | D        | Noticed Jory
  5167 | D        | Killed Jory
  5191 | D        | Noticed an emperor scorpion
  5214 | D        | Killed an emperor scorpion
  5214 | D        | Reached skill level 1 in Throwing
  5552 | D        | Noticed an emperor scorpion
  5557 | D        | Killed a ghost moth
  5588 | D        | Killed a ghost moth
  5602 | D        | Killed an emperor scorpion
  5604 | D        | Reached XP level 16. HP: 116/116 MP: 3/29
  5641 | D        | Reached skill level 5 in Throwing
  5643 | D        | Got a gossamer rune of Zot
  5692 | D        | Reached skill level 15 in Dodging
  5712 | D        | Got a decaying rune of Zot
  5986 | D        | Noticed Ilsuiw
  6020 | D        | Killed Ilsuiw
  6102 | D        | Got a barnacled rune of Zot
  6133 | D        | Noticed a nagaraja
  6133 | D        | Noticed a nagaraja
  6136 | D        | Noticed a nagaraja
  6139 | D        | Killed a nagaraja
  6140 | D        | Noticed a nagaraja
  6144 | D        | Killed a nagaraja
  6145 | D        | Noticed a nagaraja
  6151 | D        | Killed a nagaraja
  6152 | D        | Killed a nagaraja
  6157 | D        | Noticed a nagaraja
  6165 | D        | Killed a nagaraja
  6169 | D        | Noticed a nagaraja
  6189 | D        | Killed a nagaraja
  6189 | D        | Reached skill level 10 in Throwing
  6194 | D        | Killed a nagaraja
  6417 | D        | Got a serpentine rune of Zot
  6575 | D        | Reached XP level 17. HP: 117/126 MP: 30/30
  6852 | D        | Noticed an ancient lich
  6868 | D        | Paralysed by an ancient lich for 3 turns
  6879 | D        | Killed an ancient lich
  6964 | D        | Noticed an Orb Guardian
  6973 | D        | Killed an Orb Guardian
  7062 | D        | Noticed an ancient lich
  7078 | D        | Killed an ancient lich
  7095 | D        | Reached skill level 15 in Throwing
  7107 | D        | Reached XP level 18. HP: 116/137 MP: 31/31
  7128 | D        | Got a silver rune of Zot
  7159 | D        | Noticed Nikola
  7173 | D        | Killed Nikola
  7621 | D        | Got the ring of Terra Nullius {rCorr rF- rC+ SInv}
  7623 | D        | Got the amulet "Vatizar" {Spirit rN++ MR+ Str+4}
  7665 | D        | Got the +5 demon whip of Erhusuv {freeze, rElec Dex+5}
  7678 | D        | Got the ring "Kavon" {+Blink rElec rF+ rN+++ MP-9}
  7680 | D        | Got the amulet "Cicwuid" {Spirit Int+4}
  7682 | D        | Got the amulet of Fumah {Gourm rC+ rN+ Dex-3}
  7796 | D        | Noticed Louise
  7828 | D        | Killed Louise
  7930 | D        | Noticed a lich
  7937 | D        | Killed a lich
  8219 | D        | Noticed a golden dragon
  8219 | D        | Noticed a bone dragon
  8219 | D        | Noticed a golden dragon
  8229 | D        | Killed a bone dragon
  8236 | D        | Killed a golden dragon
  8249 | D        | Killed a golden dragon
  8338 | D        | Noticed a tentacled monstrosity
  8361 | D        | Reached skill level 27 in Armour
  8361 | D        | Reached skill level 27 in Shields
  8368 | D        | Killed a tentacled monstrosity
  8426 | D        | Noticed a quicksilver dragon
  8451 | D        | Killed a quicksilver dragon
  8496 | D        | Noticed a tentacled monstrosity
  8508 | D        | Killed a tentacled monstrosity
  8523 | D        | Reached XP level 19. HP: 105/150 MP: 23/32
  8557 | D        | Reached skill level 27 in Fighting
  8801 | D        | Noticed a curse toe
  8802 | D        | Noticed a Killer Klown
  8813 | D        | Killed a curse toe
  8845 | D        | Killed a Killer Klown
  9155 | D        | Noticed an orb of fire
  9155 | D        | Noticed a curse toe
  9161 | D        | Killed a curse toe
  9173 | D        | Gained mutation: Your body sometimes deteriorates upon
                  | taking damage. [an orb of fire]
  9186 | D        | Killed an orb of fire
  9227 | D        | Noticed an ancient lich
  9235 | D        | Killed an ancient lich
  9238 | D        | Noticed an orb of fire
  9247 | D        | Killed an orb of fire
  9247 | D        | Reached XP level 20. HP: 157/157 MP: 33/33
  9250 | D        | Noticed an electric golem
  9263 | D        | Killed an electric golem
  9277 | D        | Noticed an ancient lich
  9277 | D        | Noticed an electric golem
  9277 | D        | Noticed an orb of fire
  9277 | D        | Noticed an electric golem
  9280 | D        | Noticed a Killer Klown
  9288 | D        | Gained mutation: You tend to lose your temper in combat.
                  | [an orb of fire]
  9288 | D        | Noticed an electric golem
  9295 | D        | Gained mutation: Your body often deteriorates upon taking
                  | damage. [an orb of fire]
  9296 | D        | Killed an orb of fire
  9305 | D        | Noticed an orb of fire
  9311 | D        | Noticed an electric golem
  9312 | D        | Killed an electric golem
  9315 | D        | Killed an electric golem
  9315 | D        | Reached skill level 27 in Dodging
  9325 | D        | Killed an ancient lich
  9325 | D        | Reached skill level 27 in Throwing
  9329 | D        | Killed an orb of fire
  9334 | D        | Killed a Killer Klown
  9348 | D        | Killed an electric golem
  9360 | D        | Killed an electric golem
  9382 | D        | Noticed a Killer Klown
  9399 | D        | Killed a Killer Klown
  9499 | D        | Reached XP level 21. HP: 163/163 MP: 38/38
  9510 | D        | Reached skill level 27 in Invocations
  9802 | D        | Noticed an ancient lich
  9817 | D        | Killed an ancient lich
  9956 | D        | Reached skill level 27 in Maces & Flails
  9956 | D        | Reached skill level 5 in Unarmed Combat
  9962 | D        | Reached skill level 5 in Spellcasting
  9987 | D        | Reached skill level 10 in Unarmed Combat
  9995 | D        | Got an elven rune of Zot
 10324 | D        | Reached skill level 10 in Spellcasting
 10331 | D        | Noticed the Royal Jelly
 10345 | D        | Killed the Royal Jelly
 10346 | D        | Reached skill level 15 in Spellcasting
 10347 | D        | Paralysed by a floating eye for 3 turns
 10385 | D        | Reached XP level 22. HP: 97/169 MP: 14/42
 10389 | D        | Got a slimy rune of Zot
 11639 | D        | Noticed a greater mummy
 11667 | D        | Killed a greater mummy
 12280 | D        | Noticed a greater mummy
 12280 | D        | Noticed a greater mummy
 12280 | D        | Noticed a greater mummy
 12281 | D        | Noticed a greater mummy
 12291 | D        | Killed a greater mummy
 12326 | D        | Killed a greater mummy
 12348 | D        | Killed a greater mummy
 12354 | D        | Killed a greater mummy
 12366 | D        | Got a golden rune of Zot
 13319 | D        | Got an abyssal rune of Zot
 13707 | D        | Noticed Geryon
 13720 | D        | Killed Geryon
 14114 | D        | Got the Orb of Zot
 14218 | D        | Gained mutation: You are frail. (-10% HP) [a neqoxec]
 15131 | D        | Reached skill level 27 in Unarmed Combat
 15156 | D        | Noticed Idosuegut the pandemonium lord
 15168 | D        | Killed Idosuegut the pandemonium lord
 15168 | D        | Reached XP level 23. HP: 157/157 MP: 51/53
 15264 | D        | Reached skill level 27 in Spellcasting
 15285 | D        | Noticed Wututt the pandemonium lord
 15317 | D        | Killed Wututt the pandemonium lord
 15317 | D        | Reached skill level 10 in Evocations
 15465 | D        | Reached skill level 15 in Evocations
 15929 | D        | Gained mutation: You are very frail. (-20% HP) [a
                  | cacodemon]
 15937 | D        | Noticed Lecocaud the pandemonium lord
 15967 | D        | Killed Lecocaud the pandemonium lord
 16063 | D        | Noticed Mieraad the pandemonium lord
 16068 | D        | Killed Mieraad the pandemonium lord
 16190 | D        | Noticed Ymmecigg the pandemonium lord
 16214 | D        | Killed Ymmecigg the pandemonium lord
 16214 | D        | Reached skill level 27 in Evocations
 16214 | D        | Reached XP level 24. HP: 105/144 MP: 32/54
 16219 | D        | Gained mutation: Your natural rate of healing is unusually
                  | fast. [a cacodemon]
 16225 | D        | Reached skill level 10 in Stealth
 16271 | D        | Gained mutation: You have sharp toenails. [a cacodemon]
 16402 | D        | Reached skill level 15 in Stealth
 16431 | D        | Noticed Hytzoesk the pandemonium lord
 16436 | D        | Noticed an ancient lich
 16442 | D        | Killed Hytzoesk the pandemonium lord
 16454 | D        | Killed an ancient lich
 16528 | D        | Escaped with the Orb!

Skill      XL: |  1  2  3  4  5  6  7  8  9 10 11 12 13 14 15 16 17 18 19 20 21 22 23 24 |
---------------+-------------------------------------------------------------------------+-----
Fighting       | 4 5 6 7 8 9 10 12 13 14 15 16 17 18 21 23 26 27 | 27.0
Armour         | 4 5 6 7 8 9 10 11 13 14 16 18 19 21 23 25 27 | 27.0
Shields        | 4 5 6 7 8 9 10 11 13 14 16 18 19 21 23 25 27 | 27.0
Maces & Flails | 3 4 5 6 7 8 9 10 11 13 14 16 18 21 27 | 27.0
Invocations    | 1 3 5 7 8 10 11 13 15 17 18 26 27 | 27.0
Dodging        | 3 7 10 12 14 16 18 21 25 27 | 27.0
Stealth        | 2 9 21 | 21.5
Throwing       | 4 11 15 19 25 27 | 27.0
Unarmed Combat | 17 27 | 27.0
Spellcasting   | 16 26 27 | 27.0
Evocations     | 27 | 27.0

Action                   |  1- 3 |  4- 6 |  7- 9 | 10-12 | 13-15 | 16-18 | 19-21 | 22-24 || total
-------------------------+-------+-------+-------+-------+-------+-------+-------+-------++-------
Melee: Flail             |    42 |     9 |       |       |       |       |       |       ||    51
       Morningstar       |       |    41 |    90 |   106 |   447 |   599 |       |       ||  1283
       Unarmed           |       |       |       |       |    16 |       |       |       ||    16
       Demon whip        |       |       |       |       |       |   272 |   560 |   609 ||  1441
Throw: Javelin           |       |       |       |     3 |     3 |    15 |     4 |   157 ||   182
Invok: Slouch            |       |       |       |    19 |    34 |     1 |    20 |    11 ||    85
  Use: Potion            |     1 |       |     2 |     6 |     8 |       |     1 |     1 ||    19
       Scroll            |       |       |       |       |     4 |       |       |       ||     4
 Stab: Petrifying        |       |       |       |       |       |       |       |     2 ||     2
  Eat: Ration            |       |       |       |     2 |     3 |     1 |     1 |     3 ||    10
       Chunk             |       |       |       |       |       |     2 |     1 |       ||     3
Armor: Scale mail        |    23 |     5 |       |       |       |       |       |       ||    28
       Chain mail        |       |    30 |    60 |    26 |     9 |       |       |       ||   125
       Plate armour      |       |       |       |       |   142 |   166 |    73 |    41 ||   422
Dodge: Dodged            |     4 |     8 |    25 |    21 |   206 |   299 |   186 |   195 ||   944
Block: Shield            |    18 |    31 |    83 |    63 |   347 |   241 |       |       ||   783
       Large shield      |       |       |       |       |       |   413 |   379 |   562 ||  1354
